 Dungeon Crawl Stone Soup version 0.24-a0-778-g74da537585 (webtiles) character file.

Game seed: 9292360450984429504, levelgen mode: deterministic

154 Arixos the Magician (level 5, 0/28 HPs)
             Began as a Deep Elf Wizard on Oct 7, 2019.
             Slain by a hound (1 damage)
             ... on level 3 of the Dungeon.
             The game lasted 00:15:41 (2808 turns).

Arixos the Magician (Deep Elf Wizard)               Turns: 2808, Time: 00:15:42

Health: 0/28       AC:  5    Str:  4    XL:     5   Next: 13%
Magic:  0/14       EV: 13    Int: 24    God:
Gold:   148        SH:  0    Dex: 13    Spells: 3/14 levels left

rFire    . . .     SeeInvis .   i - -1 dagger (curse)
rCold    . . .     Gourm    .   (no shield)
rNeg     . . .     Faith    .   a - +0 robe
rPois    .         Spirit   +   v - +0 helmet
rElec    .         Reflect  .   (no cloak)
rCorr    .         Harm     .   f - +0 pair of gloves
MR       .....                  k - +0 pair of boots
Stlth    ++........             c - amulet of guardian spirit
HPRegen  0.09/turn              (no ring)
MPRegen  0.14/turn              (no ring)

@: no status effects
A: no striking features
a: no special abilities


You were on level 3 of the Dungeon.
You were hungry.

You visited 1 branch of the dungeon, and saw 4 of its levels.

You collected 148 gold pieces.

Inventory:

Hand Weapons
 i - a cursed -1 dagger (weapon)
 m - a cursed -2 short sword
 o - a +1 dagger of speed
 q - a +3 dagger
 u - a +2 dagger of venom
Armour
 a - a +0 robe (worn)
 b - a +0 hat
 f - a +0 pair of gloves (worn)
 k - a +0 pair of boots (worn)
 v - a +0 helmet (worn)
Magical Staves
 t - an uncursed staff of conjuration {unknown}
Jewellery
 c - an amulet of guardian spirit (around neck)
Scrolls
 j - a scroll of amnesia
Potions
 e - 3 potions of curing {unknown}
 g - 2 potions of heal wounds {unknown}
 h - a potion of agility {unknown}
 p - a potion of magic {unknown}
 r - a potion of haste {unknown}
 s - a potion of might {unknown}
Comestibles
 d - 6 rations


   Skills:
 + Level 3.4 Dodging
 - Level 2.4 Stealth
 + Level 5.2 Spellcasting
 + Level 2.4 Conjurations
 + Level 2.0 Summonings
 + Level 1.9 Translocations
 + Level 1.1 Fire Magic
 + Level 1.0 Air Magic
 + Level 1.3 Poison Magic


You had 3 spell levels left.
You knew the following spells:

 Your Spells              Type           Power        Failure   Level  Hunger
a - Magic Dart            Conj           ###.         3%          1    None
c - Mephitic Cloud        Conj/Pois/Air  ##......     14%         3    ##.....
e - Blink                 Tloc           N/A          6%          2    None
f - Conjure Flame         Conj/Fire      ##......     12%         3    ##.....
i - Call Imp              Summ           ###.....     6%          2    None

Your spell library contained the following spells:

 Spells                   Type           Power        Failure   Level  Hunger
 Slow                     Hex            #.......     13%         2    None


Dungeon Overview and Level Annotations

Branches:
Dungeon (4/15)
 Temple: D:4-7

Altars:
Ashenzari
Cheibriados
Makhleb
Qazlal
Ru
Xom


Message History

The magic dart hits the hound but does no damage.
The hound is severely wounded.
The hound closely misses you. The hound bites you.
* * * LOW HITPOINT WARNING * * *
The hound bites you.
* * * LOW HITPOINT WARNING * * *
The hound barely misses you.
Your magical contamination has completely faded away.
The hound bites you.
* * * LOW HITPOINT WARNING * * *
The hound barely misses you.
Casting: Magic Dart (safe; 3% risk of failure)
Confirm with . or Enter, or press ? or * to list all spells.
Aiming: Magic Dart (safe; 3% risk of failure)
Press: ? - help, Shift-Dir - straight line, f/p - hound
Aim: a hound (severely wounded)
The magic dart hits the hound.
The hound is almost dead.
The hound bites you but does no damage. The hound bites you.
You die...

#.#.##.# #.....#.#.##..#
#......# #....รท#.#.##..#
###.#### ###.....#.##..#
#.# ###.###....(.
####.#### #.......##(.#
#.......# #.#....)....#
#.##.##.# ###.####..##.##
#.##.##.###..............
#.##....@h..#.####..###.#
#.#####.#####.......# #.#
#.#####.# #......## #.#
#.......# ######## #.#
######### #.. #### #...
#.## #.##


You could see a hound.

Vanquished Creatures
  2 worker ants
  An adder (D:2)
  An ooze (D:3)
  2 worms
  2 leopard geckos
  An orc (D:3)
  A ball python (D:2)
  2 giant cockroaches
  9 goblins
  3 hobgoblins
  5 bats
  3 frilled lizards
  3 kobolds
  3 rats
38 creatures vanquished.

Vanquished Creatures (collateral kills)
  An ogre (D:3)
  A bullfrog zombie (D:3)
  A leopard gecko (D:3)
  A goblin (D:3)
4 creatures vanquished.

Grand Total: 42 creatures vanquished

Notes
Turn   | Place    | Note
-------+----------+-------------------------------------------
     0 | D:1      | Arixos the Deep Elf Wizard began the quest for the Orb.
     0 | D:1      | Reached XP level 1. HP: 10/10 MP: 7/7
   387 | D:1      | Reached XP level 2. HP: 15/15 MP: 5/9
   424 | D:1      | Learned a level 2 spell: Blink
   427 | D:1      | Learned a level 2 spell: Call Imp
   484 | D:1      | Found a hide-covered altar of Uskayaw.
   486 | D:1      | Found an iron altar of Okawaru.
   486 | D:1      | Found a shimmering altar of Xom.
   488 | D:1      | Found a shimmering blue altar of Sif Muna.
   488 | D:1      | Found a bloodstained altar of Trog.
   488 | D:1      | Found a shimmering blue altar of Sif Muna.
   948 | D:2      | Reached XP level 3. HP: 19/19 MP: 6/11
   953 | D:2      | Learned a level 3 spell: Conjure Flame
   957 | D:2      | Learned a level 3 spell: Mephitic Cloud
  1158 | D:2      | Found a stormy altar of Qazlal.
  1400 | D:2      | Found a sacrificial altar of Ru.
  1404 | D:2      | Found a shattered altar of Ashenzari.
  1548 | D:2      | Found a snail-covered altar of Cheibriados.
  1585 | D:3      | Reached skill level 5 in Spellcasting
  1808 | D:3      | Found a shattered altar of Ashenzari.
  1947 | D:3      | Reached XP level 4. HP: 24/24 MP: 3/13
  2029 | D:3      | Noticed an ogre
  2036 | D:3      | Killed an ogre
  2036 | D:3      | Reached skill level 1 in Fire Magic
  2036 | D:3      | Reached skill level 1 in Poison Magic
  2269 | D:3      | Reached skill level 1 in Air Magic
  2480 | D:3      | Reached XP level 5. HP: 28/28 MP: 9/14
  2743 | D:4      | Found a burning altar of Makhleb.
  2804 | D:3      | HP: 1/28 [hound (3)]
  2808 | D:3      | Slain by a hound

Levels and vault maps discovered:
D:1:      onia_arrival_pyramid, layout_rooms, doesnt_xom_only_xom
D:2:      layout_basic, nicolae_overflow_crystal_walls,
          nicolae_overflow_hidden_temple, first_ration,
          kennysheep_generic_room_6, uniq_natasha
D:3:      layout_loops_cross, cheibrodos_ashenzari_chains
D:4:      layout_basic, lemuel_round_altar, minmay_temple_entry_hall,
          gammafunk_ghost_grave, uniq_ijyb

Skill      XL: |  1  2  3  4  5 |
---------------+----------------+-----
Dodging        | 3 |  3.4
Conjurations   | 2 |  2.4
Spellcasting   | 5 |  5.2
Fire Magic     | 1 |  1.1
Poison Magic   | 1 |  1.3
Air Magic      | 1 |  1.0
Summonings     | 2 |  2.0
Stealth        | |  2.4
Translocations | |  1.9

Action                   |  1- 3 |  4- 6 || total
-------------------------+-------+-------++-------
Melee: Dagger            |     1 |     3 ||     4
 Cast: Magic Dart        |    88 |    26 ||   114
       Call Imp          |       |    11 ||    11
       Blink             |       |     1 ||     1
  Use: Scroll            |     2 |     2 ||     4
       Potion            |       |     1 ||     1
 Stab: Sleeping          |     1 |       ||     1
  Eat: Chunk             |     3 |     2 ||     5
Armor: Robe              |     2 |    10 ||    12
Dodge: Dodged            |     7 |    20 ||    27

Table legend:
 A = Non-vault XP
 B = Vault XP
 C = Vault XP percentage of total XP
 D = Non-vault monster count
 E = Vault monster count
 F = Vault count percentage of total count
                 A         B        C        D         E       F
            +---------+---------+-------+---------+---------+-------
      Total |     203 |      17 |   7.7 |      39 |       3 |   7.1
            +---------+---------+-------+---------+---------+-------
        D:1 |      15 |       0 |   0.0 |      10 |       0 |   0.0
        D:2 |      17 |      17 |  50.0 |       9 |       3 |  25.0
        D:3 |     151 |       0 |   0.0 |      18 |       0 |   0.0
        D:4 |      20 |       0 |   0.0 |       2 |       0 |   0.0
            +---------+---------+-------+---------+---------+-------
